 Dungeon Crawl Stone Soup version 0.24.1-4-ge52af88ad5 (webtiles) character file.

Game seed: 16227373185560508499, levelgen mode: deterministic

1264 raph the Spear-Bearer (level 8, 0/64 HPs)
             Began as a Minotaur Fighter on Apr 18, 2020.
             Was an Initiate of Ashenzari.
             Killed from afar by an orc wizard (10 damage)
             ... with a bolt of acid
             ... on level 6 of the Dungeon.
             The game lasted 00:11:19 (5042 turns).

raph the Spear-Bearer (Minotaur Fighter)            Turns: 5042, Time: 00:11:20

Health: 0/64       AC:  5    Str: 21    XL:     8   Next: 27%
Magic:  7/7        EV:  7    Int:  5    God:    Ashenzari [......]
Gold:   165        SH:  3    Dex: 15    Spells: 7/7 levels left

rFire    . . .     SeeInvis .   d - +1 glaive (curse)
rCold    . . .     Gourm    .   (shield currently unavailable)
rNeg     . . .     Faith    .   m - +0 chain mail (curse)
rPois    .         Spirit   .   (helmet restricted)
rElec    .         Reflect  +   (no cloak)
rCorr    .         Harm     .   (no gloves)
MR       .....                  (no boots)
Stlth    ..........             n - +3 amulet of reflection
HPRegen  0.20/turn              p - +3 ring of dexterity
MPRegen  0.10/turn              s - ring of flight

@: corroded
A: retaliatory headbutt, horns 2
a: Curse Item, Renounce Religion, Evoke Flight


You were on level 6 of the Dungeon.
You worshipped Ashenzari.
Ashenzari was noncommittal.
You were not hungry.

You visited 2 branches of the dungeon, and saw 7 of its levels.

You collected 165 gold pieces.

Inventory:

Hand Weapons
 a - a +1 trident
 d - a cursed +1 glaive (weapon)
Missiles
 i - 182 stones (quivered)
 u - 6 boomerangs
Armour
 b - a +0 scale mail
 c - a +0 shield
 m - a cursed +0 chain mail (worn)
 w - a +0 large shield
 z - a +0 plate armour
Jewellery
 n - a +3 amulet of reflection (around neck)
 p - a +3 ring of dexterity (left hand)
 s - a ring of flight (right hand)
Scrolls
 l - a scroll of teleportation
 o - 2 scrolls of fear
 q - 3 scrolls of remove curse
 r - 2 scrolls of identify
 t - 2 scrolls of amnesia
 y - a scroll of blinking
Potions
 e - a potion of haste
 g - a potion of curing
 h - a potion of heal wounds
 j - a potion of lignification {unknown}
 k - 3 potions of degeneration {unknown}
 v - a potion of berserk rage {unknown}
 x - a potion of magic {unknown}
Comestibles
 f - 6 rations


   Skills:
 - Level 3.6 Fighting
 * Level 11.9 Polearms
 - Level 3.6 Armour
 - Level 3.6 Shields


You had 7 spell levels left.
You didn't know any spells.
Your spell library was empty.

Dungeon Overview and Level Annotations

Branches:
Dungeon (6/15)             Temple (1/1) D:4

Altars:
Ashenzari
Cheibriados
Fedhas
Hepliaklqana
Sif Muna


Innate Abilities, Weirdness & Mutations

You reflexively headbutt those who attack you in melee.
You have a pair of horns on your head.


Message History

Press: ? - help, Dir - move target cursor, f/p - orc priest
Aim: an orc priest, wielding a +0 trident (heavily wounded)
You reach to attack!
You hit the orc priest.
The orc priest is severely wounded.
The orc priest hits you but does no damage.
You feel much better. The orc priest barely misses you.
Items here: )) ?? [[ † You slice the orc priest!!
You kill the orc priest!
You hear the brisk hiss of an avalanche of sand nearby.
The orc wizard points at you and mumbles some strange words.
The puff of frost hits you.
The orc wizard zaps a wand.
The bolt of acid hits you! The acid corrodes you!
You are splashed with acid!
* * * LOW HITPOINT WARNING * * *
The orc wizard casts a spell at you. The magic dart hits you!
* * * LOW HITPOINT WARNING * * *
The orc wizard zaps a wand.
The bolt of acid hits you!
You die...

.. ##.... ... .. #.... . ...
#.# #. .#....##. #.#.##.# #.
....... .#..# .#.# #. ...
....... .#.###..# #. #.#
....... ..##...######.
#.#####.....####.#.#.........
##.#........o@)....#
#.######. #.>
.......####.#####.###.......#
#.# #.#.##.# #. #....#......#
#.###.#.##.## #.###
####.#.######
#.##........###...# #.#.#
#.##.###.###.####.# #.#.#
#.##.##.## ##.###<######.#.#
#.##.##.# #............#.#
#.##....## ##..##.########.#


You could see an orc wizard.

Vanquished Creatures
  An orc warrior (D:4)
  A phantom (D:4)
  2 sky beasts
  3 ogres
  A scorpion (D:4)
  A crimson imp (D:5)
  3 orc priests
  4 orc wizards
  2 hounds
  2 worker ants
  A hound skeleton (D:4)
  10 adders
  3 oozes
  An adder zombie (D:6)
  5 worms
  A dart slug (D:2)
  2 leopard geckos (D:4)
  21 orcs
  2 ball pythons
  12 bats
  4 giant cockroaches
  5 goblins
  4 hobgoblins
  17 jackals
  6 kobolds
  7 quokkas
  8 frilled lizards
  A jackal skeleton (D:5)
  A leopard gecko zombie (D:5)
  A quokka skeleton (D:5)
  8 rats
140 creatures vanquished.

Notes
Turn   | Place    | Note
-------+----------+-------------------------------------------
     0 | D:1      | raph the Minotaur Fighter began the quest for the Orb.
     0 | D:1      | Reached XP level 1. HP: 19/19 MP: 0/0
    84 | D:1      | Reached skill level 3 in Polearms
   136 | D:1      | Reached XP level 2. HP: 26/26 MP: 1/1
   160 | D:1      | You fall into a shaft and drop 1 floor!
   238 | D:2      | Found a snail-covered altar of Cheibriados.
   253 | D:2      | Reached skill level 4 in Polearms
   327 | D:1      | Reached XP level 3. HP: 31/31 MP: 2/2
   657 | D:1      | Reached skill level 5 in Polearms
  1024 | D:2      | Reached XP level 4. HP: 39/39 MP: 3/3
  1358 | D:2      | Found a faded altar of an unknown god.
  1364 | D:2      | Became a worshipper of Sif Muna the Loreminder
  1364 | D:2      | Reached * piety under Sif Muna
  1597 | D:2      | Fell from the grace of Sif Muna
  1668 | D:3      | Reached skill level 6 in Polearms
  1680 | D:3      | Reached XP level 5. HP: 33/45 MP: 4/4
  1897 | D:3      | Reached skill level 7 in Polearms
  2337 | D:3      | Reached XP level 6. HP: 51/51 MP: 5/5
  2582 | D:4      | Reached skill level 8 in Polearms
  2584 | D:4      | Noticed an orc warrior
  2636 | D:4      | Reached skill level 9 in Polearms
  3154 | D:4      | Killed an orc warrior
  3154 | D:4      | Reached XP level 7. HP: 57/57 MP: 6/6
  3393 | D:4      | Found a staircase to the Ecumenical Temple.
  3470 | D:4      | Reached skill level 10 in Polearms
  3744 | D:5      | Entered Level 5 of the Dungeon
  3994 | Temple   | Entered the Ecumenical Temple
  4010 | Temple   | Became a worshipper of Ashenzari the Shackled
  4184 | D:5      | Reached skill level 11 in Polearms
  4184 | D:5      | Reached XP level 8. HP: 21/64 MP: 7/7
  5042 | D:6      | Killed from afar by an orc wizard

Levels and vault maps discovered:
D:1:      scummos_arrival_gate, layout_basic
D:2:      layout_basic, cheibriados_altar_1, chequers_ecumenical_altar_grove
D:3:      layout_rooms
D:4:      layout_loops_ring, minmay_temple_entry_from_below_b,
          palyth_stone_intersect, guppyfry_early_orc_mine
D:5:      layout_basic, first_ration, minivault_1, kennysheep_generic_room_11
D:6:      layout_loops_ring, enter_ossuary_4, minmay_misc_feat_hallway,
          minmay_misc_feat_five
Temple:   minmay_crystal_snake_temple

Skill      XL: |  1  2  3  4  5  6  7 |
---------------+----------------------+-----
Polearms       | 3 4 5 6 7 9 11 | 11.9
Fighting       | |  3.6
Armour         | |  3.6
Shields        | |  3.6

Action                   |  1- 3 |  4- 6 |  7- 9 || total
-------------------------+-------+-------+-------++-------
Melee: Trident           |   111 |   212 |       ||   323
       Headbutt          |     8 |    32 |    22 ||    62
       Glaive            |       |       |   112 ||   112
Invok: Renounce Religion |       |     1 |       ||     1
       Curse Item        |       |       |     1 ||     1
  Use: Scroll            |       |    11 |     2 ||    13
       Potion            |       |     1 |     1 ||     2
  Eat: Chunk             |     1 |     7 |     6 ||    14
Armor: Scale mail        |    36 |    58 |       ||    94
       Chain mail        |       |       |    51 ||    51
Dodge: Dodged            |    23 |    41 |    24 ||    88
Block: Shield            |    33 |   117 |       ||   150
       Reflection        |       |    12 |       ||    12
       Other             |       |       |     5 ||     5
